 Dungeon Crawl Stone Soup version 0.28-a0-1387-g3a22ab9bdc (webtiles) character file.

Game seed: 3033651216275681500

0 Tourneye the Grave Robber (level 1, 0/13 HPs)
             Began as a Vampire Necromancer on Jan 2, 2022.
             Succumbed to an adder's poison
             ... on level 2 of the Dungeon.
             The game lasted 00:04:16 (43 turns).

Tourneye the Grave Robber (Vampire Necromancer)       Turns: 43, Time: 00:04:17

Health: 0/13       AC:  2    Str:  7    XL:     1   Next: 8%
Magic:  3/3        EV: 12    Int: 17    God:
Gold:   0          SH:  0    Dex: 14    Spells: 3/4 levels left

rFire   . . .      SeeInvis +   (no weapon)
rCold   . . .      Faith    .   (no shield)
rNeg    . . .      Spirit   .   a - +0 robe
rPois   .          Reflect  .   (no helmet)
rElec   .          Harm     .   (no cloak)
rCorr   .          Rampage  .   (no gloves)
Will    .....                   (no boots)
Stlth   ++........              (no amulet)
HPRegen 0.24/turn               (no ring)
MPRegen 0.08/turn               (no ring)

@: lethally poisoned (0 -> -1), healing quickly
A: alive, fangs 3, see invisible, vampiric 1
a: Exsanguinate


You were on level 2 of the Dungeon.
You visited 1 branch of the dungeon, and saw 2 of its levels.

Inventory:

Armour
 a - a +0 robe (worn)


   Skills:
 + Level 2.1 Dodging
 + Level 3.0 Stealth
 + Level 2.0 Spellcasting
 + Level 4.4 Necromancy


You had 3 spell levels left.
You knew the following spells:

 Your Spells              Type           Power      Damage    Failure   Level
a - Pain                  Necr           64%        1d7       3%          1

Your spell library contained the following spells:

 Spells                   Type           Power      Damage    Failure   Level
 Animate Skeleton         Necr           32%        N/A       3%          1
 Vampiric Draining        Necr           16%        2d7       10%         3
 Animate Dead             Necr           8%         N/A       30%         4
 Agony                    Necr           16%        N/A       65%         5


Dungeon Overview and Level Annotations

Branches:
Dungeon (1/15)

Altars:


Innate Abilities, Weirdness & Mutations

Your natural rate of healing is accelerated.
You have razor-sharp teeth.
You have supernaturally acute eyesight. (SInv)
You are afflicted with vampirism.


Message History

Drop what? 1/52 slots (_ for help) (? for menu, Esc to quit)
Okay, then.
There is an empty arch of ancient stone here.
Found a knobbly granite ring.
Found a leather armour.
There is an empty arch of ancient stone here.
Found a scroll labelled OCAETHRIKUA.
Found a faded altar of an unknown god.
There is an empty arch of ancient stone here.
A sourceless malevolence fills the Dungeon...
You fall into a shaft and drop 1 floor!
The shaft crumbles and collapses.
Welcome back, Tourneye the Vampire Necromancer.
Press ? for a list of commands and other information.
An adder and a rat come into view.
The adder hisses angrily.
The adder closely misses you.
You hit the rat but do no damage. The adder barely misses you.
The rat barely misses you.
You hit the rat.
The rat is moderately wounded.
The adder bites you but does no damage. The rat bites you but does no damage.
You hit the rat.
The rat is severely wounded.
The adder closely misses you. The rat closely misses you.
You barely miss the rat. Your bite misses the rat.
The rat is severely wounded.
The adder bites you.
You are poisoned.
The adder poisons you! The adder misses you. The rat completely misses you.
You barely miss the adder. Your bite misses the adder.
You feel sick. The adder misses you. The rat barely misses you.
You miss the adder.
You feel sick. The adder closely misses you. The rat misses you.
You closely miss the adder.
You feel sick. The adder bites you but does no damage. The adder bites you.
The rat bites you.
* * * LOW HITPOINT WARNING * * *
You hit the adder.
The adder is lightly wounded.
You die...

###
..#
#.#
#.#
#.#
#r#
#@#
#S#
#.#
#.#
#.#
#.#
#.#
#.#
#.#


You could see an adder and a rat.

Vanquished Creatures
  A ball python (D:1)
1 creature vanquished.

Notes
Turn   | Place    | Note
-------+----------+-------------------------------------------
     0 | D:1      | Tourneye the Vampire Necromancer began the quest for the
                  | Orb.
     0 | D:1      | Reached XP level 1. HP: 13/13 MP: 3/3
    30 | D:1      | Found a faded altar of an unknown god.
    33 | D:1      | You fall into a shaft and drop 1 floor!
    43 | D:2      | Succumbed to an adder's poison

Illustrated notes

Levels and vault maps discovered:
D:1:      lightli_arrival_maybe_door_vault, layout_basic,
          hellmonk_ecumenical_altar_arch_garden
D:2:      layout_basic

Action                   || total
-------------------------++-------
Melee: Unarmed           ||    10
Armor: Robe              ||     3
Dodge: Dodged            ||    12

Table legend: (Time is in decaauts)
 A = Elapsed time spent in this place.
 B = Non-inter-level travel time spent in this place.
 C = Inter-level travel time spent in this place.
 D = Time resting spent in this place.
 E = Time spent auto-exploring this place.
 F = Levels seen in this place.
 G = Mean time per level.
                   A        B        C        D        E       F      G
               +--------+--------+--------+--------+--------+-----+--------+
         Total |     43 |     23 |     20 |      0 |      0 |   2 |   21.5 |
       Dungeon |     43 |     23 |     20 |      0 |      0 |   2 |   21.5 |
               +--------+--------+--------+--------+--------+-----+--------+

Top non-repeatable levels by time:
     D:1: 33 daAuts
     D:2: 10 daAuts
